 Dungeon Crawl Stone Soup version 0.29-a0-356-g7bc237e783 (webtiles) character file.

Game seed: 5477033613938585311

170 croobank the Firebug (level 5, -3/37 HPs)
             Began as a Gnoll Fire Elementalist on Apr 26, 2022.
             Was an Initiate of Gozag.
             Slain by a gnoll
             ... wielding a +0 halberd
              (10 damage)
             ... on level 3 of the Dungeon.
             The game lasted 00:09:10 (2586 turns).

croobank the Firebug (Gnoll Fire Elementalist)      Turns: 2586, Time: 00:09:11

Health: -3/37      AC:  4    Str:  7    XL:     5   Next: 50%
Magic:  10/12      EV: 13    Int: 16    God:    Gozag
Gold:   95         SH:  0    Dex: 13    Spells: 7/14 levels left

rFire   . . .      SeeInvis .   a - +0 dagger (holy)
rCold   . . .      Faith    .   (no shield)
rNeg    . . .      Spirit   .   o - +0 robe
rPois   .          Reflect  .   d - +1 helmet
rElec   .          Harm     .   (no cloak)
rCorr   .          Rampage  .   (no gloves)
Will    .....                   (no boots)
Stlth   +++.......              (no amulet)
HPRegen 0.12/turn               (no ring)
MPRegen 0.13/turn               (no ring)

@: hasted, very quick
A: fangs 1, strong nose, distributed training
a: Renounce Religion, Potion Petition, Call Merchant, Bribe Branch


You were on level 3 of the Dungeon.
You worshipped Gozag.
Gozag was noncommittal.
You visited 1 branch of the dungeon, and saw 3 of its levels.

You collected 116 gold pieces.
You paid 21 gold pieces to Gozag.

Inventory:

Hand Weapons
 a - a +0 dagger of holy wrath (weapon)
 b - a +0 vorpal hunting sling
 c - a +0 short sword
Missiles
 f - 108 stones
 h - 7 javelins
 l - 6 poisoned darts
 s - 3 boomerangs
Armour
 d - a +1 helmet (worn)
 m - a +0 scale mail
 o - a +0 robe (worn)
Scrolls
 i - a scroll of noise
 k - a scroll of vulnerability {unknown}
 q - a scroll of fear {unknown}
Potions
 e - a potion of heal wounds
 g - a potion of cancellation
 j - a potion of might
 n - 2 potions of curing
 r - a potion of brilliance {unknown}


   Skills:
 + Level 1.5 Fighting
 + Level 1.5 Short Blades
 + Level 1.5 Long Blades
 + Level 1.5 Axes
 + Level 1.5 Maces & Flails
 + Level 1.5 Polearms
 + Level 1.5 Staves
 + Level 1.5 Slings
 + Level 1.5 Bows
 + Level 1.5 Crossbows
 + Level 1.5 Throwing
 + Level 1.5 Armour
 + Level 4.8 Dodging
 + Level 4.4 Stealth
 + Level 1.5 Shields
 + Level 1.5 Unarmed Combat
 + Level 5.2 Spellcasting
 + Level 2.4 Conjurations
 + Level 1.2 Hexes
 + Level 1.2 Summonings
 + Level 1.2 Necromancy
 + Level 1.2 Translocations
 + Level 1.2 Transmutations
 + Level 5.5 Fire Magic
 + Level 1.2 Ice Magic
 + Level 1.2 Air Magic
 + Level 1.2 Earth Magic
 + Level 1.2 Poison Magic
 + Level 1.7 Invocations
 + Level 1.5 Evocations


You had 7 spell levels left.
You knew the following spells:

 Your Spells              Type           Power      Damage    Failure   Level
a - Foxfire               Conj/Fire      64%        2x1d7     3%          1
b - Scorch                Fire           44%        2d7       2%          2
c - Flame Wave            Conj/Fire      16%        2d6       28%         4

Your spell library contained the following spells:

 Spells                   Type           Power      Damage    Failure   Level
 Conjure Flame            Conj/Fire      16%        6-21      9%          3
 Inner Flame              Hex/Fire       15%        N/A       11%         3
 Dispersal                Tloc           4%         N/A       100%        6
 Disjunction              Tloc           4%         N/A       100%        8


Dungeon Overview and Level Annotations

Branches:
Dungeon (3/15)

Altars:
Gozag
Nemelex Xobeh
Sif Muna
Uskayaw
Wu Jian
Xom


Innate Abilities, Weirdness & Mutations

You have very sharp teeth.
Your uncanny sense of smell can sniff out nearby items.
Your experience applies equally to all skills.


Message History

You now have 78 gold pieces (gained 9).
You see here a +0 dagger.
Found a stone staircase leading up.
You now have 82 gold pieces (gained 4).
You now have 88 gold pieces (gained 6).
A worm comes into view.
Casting: Scorch (safe; 2% risk of failure)
Confirm with . or Enter, or press ? or * to list all spells.
You can't see any susceptible monsters within range! (Use Z to cast anyway.)
Casting: Scorch (safe; 2% risk of failure)
Confirm with . or Enter, or press ? or * to list all spells.
Flames lash the worm.
The worm is heavily wounded.
The worm's fire resistance burns away.
Casting: Scorch (safe; 2% risk of failure)
Confirm with . or Enter, or press ? or * to list all spells.
Flames lash the worm.
The worm is burned terribly!
You kill the worm!
You now have 95 gold pieces (gained 7).
h - 7 javelins (gained 4)
A gnoll comes into view. It is wielding a +0 flail.
A gnoll comes into view. It is wielding a +0 spear.
The gnoll shouts!
A gnoll comes into view. It is wielding a +0 halberd.
A gnoll comes into view. It is wielding a +0 club.
The gnoll shouts! x2
The gnoll hits you from afar with a +0 halberd!
The gnoll closely misses you.
Casting: Scorch (safe; 2% risk of failure)
Confirm with . or Enter, or press ? or * to list all spells.
Flames lash the gnoll.
The gnoll is heavily wounded.
The gnoll's fire resistance burns away.
The gnoll closely misses you. The gnoll hits you with a +0 flail!
The gnoll attacks as you move away! The gnoll hits you with a +0 flail!
* * * LOW HITPOINT WARNING * * *
You feel yourself speed up.
The gnoll hits you from afar with a +0 halberd!
You die...
Your body crumbles into a pile of gold.

#.# #...##.#.#.#.#.8.#
#. #.#
#.###_...........# #.
#.# #.# #_...........#
#.
#.###.###_.#.#.#.#.8##
#.
#.......##_#.#⌠#_####
. #####.############
#.# #.#.# .##
#.###.#.#.....
#....@gggg.#
##########.#


You could see 4 gnolls.

Vanquished Creatures
  A hound (D:2)
  5 adders
  2 worms
  3 dart slugs (D:1)
  3 ball pythons
  4 bats
  8 endoplasms
  A giant cockroach (D:2)
  7 goblins
  7 hobgoblins
  16 jackals
  4 quokkas
  6 frilled lizards
  4 kobolds
  5 rats
76 creatures vanquished.

Vanquished Creatures (others)
  82 foxfires
82 creatures vanquished.

Grand Total: 158 creatures vanquished

Notes
Turn   | Place    | Note
-------+----------+-------------------------------------------
     0 | D:1      | croobank the Gnoll Fire Elementalist began the quest for
                  | the Orb.
     0 | D:1      | Reached XP level 1. HP: 13/13 MP: 6/6
    40 | D:1      | Reached XP level 2. HP: 19/19 MP: 1/7
   149 | D:1      | Learned a level 2 spell: Scorch
   169 | D:1      | You fall into a shaft and drop 1 floor!
   215 | D:2      | Reached skill level 5 in Spellcasting
   215 | D:2      | Reached XP level 3. HP: 11/25 MP: 2/9
   527 | D:2      | Reached skill level 1 in Fighting
   527 | D:2      | Reached skill level 1 in Short Blades
   527 | D:2      | Reached skill level 1 in Long Blades
   527 | D:2      | Reached skill level 1 in Axes
   527 | D:2      | Reached skill level 1 in Maces & Flails
   527 | D:2      | Reached skill level 1 in Polearms
   527 | D:2      | Reached skill level 1 in Staves
   527 | D:2      | Reached skill level 1 in Slings
   527 | D:2      | Reached skill level 1 in Bows
   527 | D:2      | Reached skill level 1 in Crossbows
   527 | D:2      | Reached skill level 1 in Throwing
   527 | D:2      | Reached skill level 1 in Armour
   527 | D:2      | Reached skill level 1 in Shields
   527 | D:2      | Reached skill level 1 in Unarmed Combat
   527 | D:2      | Reached skill level 1 in Invocations
   527 | D:2      | Reached skill level 1 in Evocations
   527 | D:2      | Reached XP level 4. HP: 32/32 MP: 6/11
   787 | D:1      | Found a faded altar of an unknown god.
  1112 | D:1      | Reached skill level 1 in Hexes
  1112 | D:1      | Reached skill level 1 in Summonings
  1112 | D:1      | Reached skill level 1 in Necromancy
  1112 | D:1      | Reached skill level 1 in Translocations
  1112 | D:1      | Reached skill level 1 in Transmutations
  1112 | D:1      | Reached skill level 1 in Ice Magic
  1112 | D:1      | Reached skill level 1 in Air Magic
  1112 | D:1      | Reached skill level 1 in Earth Magic
  1112 | D:1      | Reached skill level 1 in Poison Magic
  1645 | D:2      | Reached XP level 5. HP: 35/37 MP: 3/12
  1788 | D:2      | Found a shimmering blue altar of Sif Muna.
  2160 | D:3      | Learned a level 4 spell: Flame Wave
  2309 | D:3      | Found an opulent altar of Gozag.
  2317 | D:3      | Found a shimmering altar of Xom.
  2317 | D:3      | Found a sparkling altar of Nemelex Xobeh.
  2319 | D:3      | Became a worshipper of Gozag Ym Sagoz the Greedy
  2321 | D:3      | Found a hide-covered altar of Uskayaw.
  2325 | D:3      | Found an ornate altar of the Wu Jian Council.
  2586 | D:3      | Slain by a gnoll

Illustrated notes

Levels and vault maps discovered:
D:1:      mrwooster_arrival_statue_2, layout_basic,
          ebering_ecumenical_altar_ruins, minmay_hexomino_u4
D:2:      layout_rooms, basic_altar, st_stairs_8, minmay_misc_feat_room
D:3:      layout_loops_corners, slow_altar_1, minitemple,
          amcnicky_mini_corridor_feature, st_stairs_14

Skill      XL: |  1  2  3  4 |
---------------+-------------+-----
Conjurations   | 2 |  2.4
Spellcasting   | 5 |  5.2
Fighting       | 1 |  1.5
Short Blades   | 1 |  1.5
Long Blades    | 1 |  1.5
Axes           | 1 |  1.5
Maces & Flails | 1 |  1.5
Polearms       | 1 |  1.5
Staves         | 1 |  1.5
Slings         | 1 |  1.5
Bows           | 1 |  1.5
Crossbows      | 1 |  1.5
Throwing       | 1 |  1.5
Armour         | 1 |  1.5
Shields        | 1 |  1.5
Unarmed Combat | 1 |  1.5
Invocations    | 1 |  1.7
Evocations     | 1 |  1.5
Hexes          | 1 |  1.2
Summonings     | 1 |  1.2
Necromancy     | 1 |  1.2
Translocations | 1 |  1.2
Transmutations | 1 |  1.2
Ice Magic      | 1 |  1.2
Air Magic      | 1 |  1.2
Earth Magic    | 1 |  1.2
Poison Magic   | 1 |  1.2
Dodging        | |  4.8
Stealth        | |  4.4
Fire Magic     | |  5.5

Action                   |  1- 3 |  4- 6 || total
-------------------------+-------+-------++-------
Melee: Short sword       |    15 |       ||    15
       Bite              |     1 |     4 ||     5
       Dagger            |       |    24 ||    24
 Cast: Foxfire           |    15 |    37 ||    52
       Scorch            |     8 |    38 ||    46
  Use: Potion            |     1 |     1 ||     2
       Scroll            |       |     7 ||     7
Armor: Robe              |     8 |    12 ||    20
Dodge: Dodged            |    15 |    36 ||    51

Table legend: (Time is in decaauts)
 A = Elapsed time spent in this place.
 B = Non-inter-level travel time spent in this place.
 C = Inter-level travel time spent in this place.
 D = Time resting spent in this place.
 E = Time spent auto-exploring this place.
 F = Levels seen in this place.
 G = Mean time per level.
                   A        B        C        D        E       F      G
               +--------+--------+--------+--------+--------+-----+--------+
         Total |   2586 |   2535 |     51 |    668 |   1299 |   3 |  862.0 |
       Dungeon |   2586 |   2535 |     51 |    668 |   1299 |   3 |  862.0 |
               +--------+--------+--------+--------+--------+-----+--------+

Top non-repeatable levels by time:
     D:1: 1200 daAuts
     D:2: 944 daAuts
     D:3: 441 daAuts
